 Dungeon Crawl Stone Soup version 0.21.0-37-g46506fa (webtiles) character file.

140 Firecrotchwizard the Cudgeler (level 5, 0/41 HPs)
             Began as a Demonspawn Gladiator on Jan 31, 2018.
             Slain by an orc
             ... wielding a +0 flail
              (9 damage)
             ... on level 3 of the Dungeon.
             The game lasted 00:04:08 (2252 turns).

Firecrotchwizard the Cudgeler (DsGl)                Turns: 2252, Time: 00:04:08

Health: 0/41       AC:  4    Str: 16    XL:     5   Next: 2%
Magic:  5/5        EV: 12    Int:  9    God:
Gold:   125        SH:  0    Dex: 14    Spells: 4/4 levels left

rFire    . . .     SeeInvis .   a - +0 flail
rCold    + . .     Gourm    .   (no shield)
rNeg     . . .     Faith    .   b - +0 leather armour
rPois    .         Spirit   .   c - +0 helmet
rElec    .         Reflect  .   (no cloak)
rCorr    .         Harm     .   (no gloves)
MR       .....                  (no boots)
Stlth    +.........             (no amulet)
HPRegen  0.13/turn              (no ring)
MPRegen  0.09/turn              (no ring)

@: no status effects
A: talons 1, cold resistance 1, powered by pain 1
a: no special abilities


You were on level 3 of the Dungeon.
You were not hungry.

You visited 1 branch of the dungeon, and saw 3 of its levels.

You collected 125 gold pieces.

Inventory:

Hand Weapons
 a - a +0 flail (weapon)
Missiles
 d - 3 throwing nets {=f, !d}
Armour
 b - a +0 leather armour (worn)
 c - a +0 helmet (worn)
 p - a +0 ring mail
   (You found it on level 2 of the Dungeon)
 q - a cursed +0 leather armour
   (You found it on level 2 of the Dungeon)
Jewellery
 m - an uncursed ring of fire {rF+, rC-}
   (You found it on level 1 of the Dungeon)
Scrolls
 e - a scroll of noise {unknown}
 h - a scroll of enchant armour {unknown}
 j - 4 scrolls of identify {unknown}
 k - a scroll of amnesia {unknown}
 n - a scroll of enchant weapon {unknown}
 o - a scroll of blinking {unknown}
 r - a scroll of fog {unknown}
 t - a scroll of teleportation {unknown}
Potions
 g - 2 potions of lignification {unknown}
 i - 2 potions of curing
 u - a potion of haste {unknown}
Comestibles
 f - 2 rations {@e1}
 l - 2 chunks of flesh {@w0}


   Skills:
 + Level 3.3 Fighting
 * Level 4.5 Maces & Flails
 - Level 1.7 Throwing
 - Level 2.6 Dodging


You had 4 spell levels left.
You didn't know any spells.

Dungeon Overview and Level Annotations

Branches:
Dungeon (3/15)

Altars:
The Shining One


Innate Abilities, Weirdness & Mutations

You have sharp toenails.
Your flesh is cold resistant. (rC+)
You sometimes gain a little power by taking damage.


Message History

Some of the chunks of flesh in your inventory have rotted away.
Health restored: 35
s - 3 javelins of penetration {@e1} (gained 1)
A giant cockroach comes into view.
A giant cockroach is nearby!
Aim: a giant cockroach (clinging)
You throw a javelin of penetration {@e1}.
The javelin of penetration {@e1} pierces through the giant cockroach.
You kill the giant cockroach!
No target in view!
No target in view!
u - an amethyst potion No target in view!
A rat comes into view.
Aim: a rat You throw a javelin of penetration {@e1}.
The javelin of penetration {@e1} closely misses the rat.
Aim: a rat You throw a javelin of penetration {@e1}.
The javelin of penetration {@e1} barely misses the rat.
The rat bites you.
You take 1 damage, and have 34/35 hp.
You sock the rat!
You kill the rat!
Health restored: 35 No target in view!
You butcher the rat corpse.
l - 2 chunks of flesh {@w0} (gained 1)
s - a javelin of penetration {@e1}
s - 2 javelins of penetration {@e1} (gained 1)
A kobold comes into view. It is wielding a dagger.
Aim: a kobold, wielding a dagger (hasn't noticed you)
You throw a javelin of penetration {@e1}.
The javelin of penetration {@e1} barely misses the kobold.
No target in view!
The kobold hits you but does no damage.
You sock the kobold!
You kill the kobold!
No target in view!
A rat comes into view.
You see here 8 gold pieces.
You now have 125 gold pieces (gained 8).
You see here a javelin of penetration {@e1}.
s - 2 javelins of penetration {@e1} (gained 1)
Aim: a rat (hasn't noticed you)
You throw a javelin of penetration {@e1}.
The javelin of penetration {@e1} closely misses the rat.
You closely miss the rat. Your kick misses the rat.
The rat bites you but does no damage.
You closely miss the rat. The rat bites you but does no damage.
You sock the rat!
You kill the rat!
No target in view!
You butcher the rat corpse.
l - 3 chunks of flesh {@w0} (gained 1)
A bat comes into view.
Aim: a bat (resting)
You throw a javelin of penetration {@e1}.
The javelin of penetration {@e1} pierces through the bat.
You kill the bat!
You have reached level 5!
An orc comes into view. It is wielding a club.
Health restored: 41; MP restored: 5 The orc shouts!
You hear a shout!
The orc throws a tomahawk.
The tomahawk barely misses you.
An orc comes into view. It is wielding a dagger.
The orc shouts!
You hear a shout!
The orc throws a tomahawk.
The tomahawk misses you.
A bat comes into view.
You sock the orc!
You kill the orc!
The bat hits you but does no damage. The orc hits you but does no damage.
A gnoll and an orc priest come into view.
The gnoll shouts!
You hit the bat.
You kill the bat!
You hear a shout!
The orc priest looks braver for a moment.
The orc hits you with a club.
The orc priest looks satisfied for a moment.
You take 5 damage, and have 36/41 hp. 2 orcs come into view.
The orc shouts! x2
Some of the chunks of flesh in your inventory have rotted away.
The orc throws a tomahawk.
The tomahawk hits you but does no damage.
You see here a tomahawk.
The orc throws a tomahawk.
The tomahawk hits you.
The orc priest invokes the aid of Beogh against you.
Pain shoots through your body!
You see here a tomahawk.
You take 20 damage, and have 16/41 hp.
MASSIVE DAMAGE!!
The orc barely misses you.
The orc priest hits you with a hand axe!
* * * LOW HITPOINT WARNING * * *
You take 7 damage, and have 9/41 hp.
You hit the orc priest. The orc hits you with a flail!
You die...

## #. . ### #.# ..# #.#
.# #.# #.# #.# #.# #.#
#.# . #####o# #.# #.# #(.
...#o# #.####.#
..####.#@####(...#.###
.......oo#....(......##
.%####.g..)...........##.
#...#...###.#.....#.
.........#.###....<....
.....(.#.......#.......
####..#####.##.##...#..
....# #.....##.###.
###..# ...#....))..


You could see an orc priest, a gnoll and 3 orcs.

Vanquished Creatures
  A gnoll (D:1)
  6 adders
  An ooze (D:2)
  2 worms (D:2)
  2 dart slugs
  2 leopard geckos
  An orc (D:3)
  4 giant cockroaches
  9 goblins
  5 hobgoblins (D:1)
  3 jackals (D:1)
  3 quokkas
  8 bats
  2 frilled lizards
  3 kobolds
  6 rats
58 creatures vanquished.

Notes
Turn   | Place    | Note
-------+----------+-------------------------------------------
     0 | D:1      | Firecrotchwizard the Demonspawn Gladiator began the quest for the Orb.
     0 | D:1      | Reached XP level 1. HP: 16/16 MP: 1/1
    57 | D:1      | Reached skill level 3 in Maces & Flails
    63 | D:1      | Gained mutation: You have sharp toenails. [demonic ancestry]
    63 | D:1      | Reached XP level 2. HP: 11/22 MP: 2/2
   491 | D:1      | Gained mutation: You sometimes gain a little power by taking damage. [demonic ancestry]
   491 | D:1      | Reached XP level 3. HP: 28/28 MP: 3/3
   657 | D:1      | Found a glowing golden altar of the Shining One.
   850 | D:2      | HP: 7/28 [worm (11)]
   858 | D:2      | HP: 7/28 [bat (1)]
   867 | D:2      | HP: 7/28 [bat (1)]
  1096 | D:2      | Reached skill level 4 in Maces & Flails
  1096 | D:2      | Gained mutation: Your flesh is cold resistant. (rC+) [demonic ancestry]
  1096 | D:2      | Reached XP level 4. HP: 26/34 MP: 4/4
  1097 | D:2      | Reached skill level 3 in Fighting
  1434 | D:2      | HP: 4/35 [adder (5)]
  2241 | D:3      | Reached XP level 5. HP: 41/41 MP: 5/5
  2251 | D:3      | HP: 9/41 [orc priest/hand axe (7)]
  2252 | D:3      | Slain by an orc

Skill      XL: |  1  2  3  4 |
---------------+-------------+-----
Maces & Flails | 3 4 |  4.5
Fighting       | 3 |  3.3
Throwing       | |  1.7
Dodging        | |  2.6

Action                   |  1- 3 |  4- 6 || total
-------------------------+-------+-------++-------
Melee: Flail             |    90 |    41 ||   131
       Kick              |    13 |     6 ||    19
Throw: Javelin           |     6 |    28 ||    34
  Use: Potion            |       |     1 ||     1
  Eat: Chunk             |     1 |     1 ||     2
       Ration            |       |     1 ||     1
Armor: Leather armour    |    32 |    11 ||    43
Dodge: Dodged            |    86 |    28 ||   114

Vault maps used:
D:1:      minmay_arrival_shattered_statue, tso_metal_star

Table legend:
 A = Turns spent in this place as a percentage of turns spent in the entire game.
 B = Non-inter-level travel turns spent in this place as a percentage of non-inter-level travel turns spent in the entire game.
 C = Inter-level travel turns spent in this place as a percentage of turns spent in this place.
 D = Turns resting spent in this place as a percentage of non-inter-level travel turns spent in this place.
 E = Turns spent auto-exploring this place as a percentage of non-inter-level travel turns spent in this place.
 F = Non-inter-level travel turns spent in this place divided by the number of levels of this place that you've seen.
                   A       B       C       D       E      F
               +-------+-------+-------+-------+-------+----------------------
         Total | 100.0 | 100.0 |   4.0 |  38.1 |  44.2 | 721.0
       Dungeon | 100.0 | 100.0 |   4.0 |  38.1 |  44.2 | 721.0
               +-------+-------+-------+-------+-------+----------------------

Table legend:
 A = Kills in this place as a percentage of kills in entire the game.
 B = Kills by you in this place as a percentage of kills by you in the entire game.
 C = Kills by friends in this place as a percentage of kills by friends in the entire game.
 D = Other kills in this place as a percentage of other kills in the entire game.
 E = Experience gained in this place as a percentage of experience gained in the entire game.
 F = Experience gained in this place divided by the number of levels of this place that you have seen.
                   A       B       C       D       E      F
               +-------+-------+-------+-------+-------+----------------------
         Total | 100.0 | 100.0 |   N/A |   N/A | 100.0 |  67.0
       Dungeon | 100.0 | 100.0 |   N/A |   N/A | 100.0 |  67.0
               +-------+-------+-------+-------+-------+----------------------
